 Dungeon Crawl Stone Soup version 0.30-a0-702-gdf48620a09 (webtiles) character file.

Game seed: 14901322905910417882

571 Citaku the Covered (level 7, 0/61 HPs)
             Began as a Minotaur Fighter on Jan 21, 2023.
             Slain by a yak (1 damage)
             ... on level 8 of the Dungeon.
             The game lasted 00:05:12 (2427 turns).

Citaku the Covered (Minotaur Fighter)               Turns: 2427, Time: 00:05:13

Health: 0/61       AC:  7    Str: 22    XL:     7   Next: 12%
Magic:  6/6        EV:  8    Int:  5    God:
Gold:   337        SH:  8    Dex: 10    Spells: 6/6 levels left

rFire   . . .      SeeInvis .    a - +0 war axe
rCold   . . .      Faith    .    n - +0 kite shield
rNeg    . . .      Spirit   .    b - +0 scale mail
rPois   .          Reflect  .    (helmet restricted)
rElec   .          Harm     .    (no cloak)
rCorr   .          Rampage  .    (no gloves)
Will    .....                    (no boots) Stlth
                                 (no amulet)
HPRegen 0.30/turn                (no ring)
MPRegen 0.10/turn                (no ring)

@: no status effects
A: horns 2, retaliatory headbutt
a: no special abilities


You were on level 8 of the Dungeon.
You visited 1 branch of the dungeon, and saw 6 of its levels.

You collected 337 gold pieces.

Inventory:

Hand Weapons
 a - a +0 war axe (weapon)
Missiles
 r - 6 javelins (quivered)
Armour
 b - a +0 scale mail (worn)
 n - a +0 kite shield (worn)
Scrolls
 e - 10 scrolls of identify {unknown}
 f - a scroll of teleportation {unknown}
 g - a scroll of blinking {unknown}
 i - 3 scrolls of noise {unknown}
 j - 2 scrolls of silence {unknown}
 l - a scroll of fog {unknown}
 m - a scroll of poison {unknown}
 o - a scroll of enchant armour {unknown}
 p - 2 scrolls of magic mapping {unknown}
 q - a scroll of fear {unknown}
Potions
 c - a potion of lignification {unknown}
 d - a potion of curing {unknown}
 h - 2 potions of attraction {unknown}
 k - 2 potions of heal wounds {unknown}
 s - a potion of degeneration {unknown}


   Skills:
 + Level 5.2 Fighting
 * Level 5.8 Axes
 * Level 6.3 Armour
 + Level 5.1 Shields


You had 6 spell levels left.
You didn't know any spells.
Your spell library contained the following spells:

 Spells                   Type           Power      Damage    Failure   Level
 Hailstorm                Conj/Ice       0%         3d3       100%        3
 Inner Flame              Hex/Fire       0%         N/A       100%        3
 Cause Fear               Hex            0%         N/A       100%        4
 Ice Form                 Ice/Tmut       0%         N/A       100%        4
 Olgreb's Toxic Radiance  Pois           0%         N/A       100%        4
 Simulacrum               Ice/Necr       0%         N/A       100%        6
 Ozocubu's Refrigeration  Ice            0%         4d7       100%        7
 Discord                  Hex            0%         N/A       100%        8
 Ignition                 Fire           0%         3d3       100%        8


Dungeon Overview and Level Annotations

Branches:
Dungeon (8/15)
 Temple: D:4-7         Lair: D:8-11

Altars:
Cheibriados
Sif Muna
Zin


Innate Abilities, Weirdness & Mutations

You have a pair of horns on your head.
You reflexively headbutt those who attack you in melee.


Message History

You hit the yak.
The yak is lightly wounded.
You hit the shadow imp. You block the yak's attack.
The shadow imp hits you but does no damage.
You hit the yak but do no damage.
The yak is lightly wounded.
You hit the shadow imp. The yak gores you but does no damage.
The shadow imp barely misses you.
A yak comes into view.
The yak gores you!
* * * LOW HITPOINT WARNING * * *
The shadow imp barely misses you. You furiously retaliate!
You headbutt the shadow imp. You barely miss the yak. You headbutt the yak!
The yak is moderately wounded.
You hit the shadow imp.
You kill the shadow imp!
You block the yak's attack.
A yak comes into view.
Okay, then.
The yak bellows!
You hit the yak.
The yak is heavily wounded.
The yak gores you.
* * * LOW HITPOINT WARNING * * *
The yak closely misses you.
You slash the yak! You headbutt the yak.
The yak is severely wounded.
You hit the yak. The yak barely misses you. You furiously retaliate!
You headbutt the yak. The yak gores you but does no damage.
You barely miss the yak. Your headbutt misses the yak.
The yak is severely wounded.
You slash the yak! The yak gores you.
* * * LOW HITPOINT WARNING * * *
The yak gores you.
* * * LOW HITPOINT WARNING * * *
You hit the yak but do no damage.
The yak is severely wounded.
You barely miss the yak. You block the yak's attack. The yak gores you.
You die...

#####+###
.....YY@#
.....YY##
.......
.......
.......
.......
.......
#...###


You could see 4 yaks.

Vanquished Creatures
  A yak (D:7)
  A centaur (D:7)
  2 phantoms (D:7)
  A howler monkey (D:7)
  A hound (D:7)
  2 adders (D:2)
  A gnoll (D:7)
  A shadow imp (D:8)
  A white imp (D:3)
  A worm (D:2)
  3 dart slugs
  10 bats
  12 endoplasms
  7 giant cockroaches
  4 goblins
  3 hobgoblins
  4 jackals
  3 kobolds
  4 quokkas
  11 ball pythons
  2 frilled lizards
  5 rats
80 creatures vanquished.

Notes
Turn   | Place    | Note
-------+----------+-------------------------------------------
     0 | D:1      | Citaku the Minotaur Fighter began the quest for the Orb.
     0 | D:1      | Reached XP level 1. HP: 19/19 MP: 0/0
    66 | D:1      | Reached XP level 2. HP: 18/27 MP: 1/1
   240 | D:1      | Reached skill level 4 in Armour
   545 | D:1      | Reached XP level 3. HP: 33/33 MP: 2/2
   957 | D:2      | Reached XP level 4. HP: 40/40 MP: 3/3
  1305 | D:3      | Found a shimmering blue altar of Sif Muna.
  2137 | D:4      | You fall into a shaft and drop 3 floors!
  2137 | D:7      | Found a glowing silver altar of Zin.
  2152 | D:7      | Noticed a +0 hand axe
  2153 | D:7      | Noticed a +0 dagger
  2158 | D:7      | Noticed a phantom
  2173 | D:7      | Noticed a phantom
  2185 | D:7      | Killed a phantom
  2186 | D:7      | Reached skill level 5 in Armour
  2186 | D:7      | Reached XP level 5. HP: 44/47 MP: 4/4
  2186 | D:7      | Killed a phantom
  2232 | D:7      | Reached XP level 6. HP: 47/53 MP: 5/5
  2297 | D:7      | Reached skill level 5 in Axes
  2343 | D:7      | Found a snail-covered altar of Cheibriados.
  2363 | D:7      | Noticed a yak
  2388 | D:7      | Noticed a yak
  2393 | D:7      | Noticed a yak
  2394 | D:7      | Killed a yak
  2394 | D:7      | Noticed a yak
  2395 | D:7      | Reached skill level 5 in Fighting
  2395 | D:7      | Reached skill level 6 in Armour
  2395 | D:7      | Reached skill level 5 in Shields
  2395 | D:7      | Reached XP level 7. HP: 29/61 MP: 6/6
  2420 | D:8      | Noticed a yak
  2422 | D:8      | Noticed a yak
  2423 | D:8      | Noticed a yak
  2426 | D:8      | HP: 2/61 [yak (5)]
  2427 | D:8      | Slain by a yak

Illustrated notes

Levels and vault maps discovered:
D:1:      lemuel_arrival_rhombus, layout_basic
D:2:      layout_rooms, minmay_split_cup_large
D:3:      layout_loops_cross, amcnicky_altar_gilded, grunt_ministairs_6,
          minmay_misc_feat_hallway, minivault_11, grunt_decor_resistance
D:4:      layout_basic, mainiacjoe_overflow_concentric_impassable,
          nemelex_altar_shiori, grunt_decor_arrowhead
D:7:      layout_rooms, mainiacjoe_overflow_alcove_1, dancing_weapons_uskayaw,
          zin_academy, kennysheep_okawaru_gauntlet
D:8:      layout_basic, nzn_ghost_randoct, serial_shops, nicolae_stop_n_shop_1

Skill      XL: |  1  2  3  4  5  6 |
---------------+-------------------+-----
Armour         | 4 5 6 |  6.3
Axes           | 3 4 5 |  5.8
Fighting       | 4 5 |  5.2
Shields        | 4 5 |  5.1

Action                   |  1- 3 |  4- 6 |  7- 9 || total
-------------------------+-------+-------+-------++-------
Melee: War axe           |    87 |    84 |    18 ||   189
       Headbutt          |     7 |    18 |     3 ||    28
  Use: Potion            |       |     1 |       ||     1
Armor: Scale mail        |    54 |    38 |     9 ||   101
Dodge: Dodged            |    40 |    31 |     8 ||    79
Block: Buckler           |    24 |     2 |       ||    26
       Kite shield       |       |    38 |     6 ||    44

Table legend: (Time is in decaauts)
 A = Elapsed time spent in this place.
 B = Non-inter-level travel time spent in this place.
 C = Inter-level travel time spent in this place.
 D = Time resting spent in this place.
 E = Time spent auto-exploring this place.
 F = Levels seen in this place.
 G = Mean time per level.
                   A        B        C        D        E       F      G
               +--------+--------+--------+--------+--------+-----+--------+
         Total |   2505 |   2435 |     70 |    134 |   1728 |   6 |  417.5 |
       Dungeon |   2505 |   2435 |     70 |    134 |   1728 |   6 |  417.5 |
               +--------+--------+--------+--------+--------+-----+--------+

Top non-repeatable levels by time:
     D:3: 881 daAuts
     D:1: 764 daAuts
     D:2: 500 daAuts
     D:7: 293 daAuts
     D:4: 51 daAuts
     D:8: 14 daAuts
